AoeStats
← _ridiwan_

Arabia

508043015Analyzed
1v1 RM · 13d ago on Sep 20, 2026· 27m 34s· 2 players
Game mode
Random Map
Map size
Tiny (2 player)
Population
200
Speed
Normal
Resources
Standard
Victory
Conquest
Starting age
Dark Age
Ending age
Imperial Age
RankedLock teamsTeams togetherTeam positionsShared explorationLock speedFull tech treeHidden civsTurbo modeCheats
Victory
Defeat
🇫🇷 Slavs · France
516
+13
🇨🇭 Persians · Switzerland
457
-13
_ridiwan_
7:54 Loom
9:40 Feudal Age
11:33 Feudal Age
19:45 Castle Age
19:37 Scale Barding Armor
21:51 Chain Barding Armor
25:24 Gold Mining
vladrussian
13:41 Feudal Age
14:12 Double-Bit Axe
14:12 Horse Collar
15:25 Gold Mining
15:33 Stone Mining
22:04 Castle Age
21:10 Bloodlines
22:18 Town Watch
23:10 Wheelbarrow
22:21 Loom
23:01 Husbandry
27:16 Ballistics
26:52 Murder Holes
27:54 Forging
Connection lost

Rejoining the realm…

Still unreachable

The connection could not be restored.

Session expired

The server has moved on; the page needs a fresh start.